Map: Rhoskallian LE

Players

Massa - Winner!

  • Race: Terran Terran
  • League: Platinum
  • Spawn Location: 5:00

qqq - Winner!

  • Race: Zerg Zerg
  • Spawn Location: 6:00

Salmaj

  • Race: Protoss Protoss
  • Spawn Location: 12:00

Kafyir

  • Race: Protoss Protoss
  • Spawn Location: 11:00

VOD

Have the link to the VOD?

Description

Time

  • Played on: Feb. 6, 2021, 11:59 a.m.
  • Length: 15:25
Show
View Real Time Build Order
Export as new Build Order

Massa Terran - Winner!

Build Orders:  

Get SALT Encoding   

  12  0:05  SCV  
  13  0:17  SCV  
  13  0:20  Supply Depot  
  14  0:29  SCV  
  15  0:42  SCV  
  16  0:45  Barracks  
  16  0:50  Refinery  
  16  0:54  SCV  
  17  1:06  SCV  
  18  1:18  SCV  
  19  1:30  SCV  
  20  1:42  Orbital Command  
  20  1:43  Barracks Reactor  
  20  1:51  Command Center  
  20  2:12  SCV  
  20  2:13  Supply Depot  
  21  2:18  Factory  
  21  2:20  Marine  
  21  2:21  Marine  
  23  2:34  SCV  
  24  2:38  Marine  
  24  2:39  Marine  
  26  2:54  Command Center  
  26  3:00  Engineering Bay  
  26  3:03  SCV  
  27  3:15  Orbital Command  
  27  3:16  Barracks Tech Lab  
  27  3:17  SCV  
  28  3:21  Refinery  
  28  3:26  Widow Mine  
  30  3:29  Widow Mine  
  30  3:32  SCV  
  33  3:34  Marine  
  34  3:42  Stimpack  
  34  3:45  SCV x2  
  36  3:57  SCV x2  
  36  3:58  Supply Depot  
  38  4:03  Missile Turret  
  38  4:09  Missile Turret  
  38  4:10  SCV x2  
  38  4:12  Orbital Command  
  38  4:15  Marine  
  41  4:19  Hellion  
  41  4:21  Hellion  
  45  4:25  SCV  
  45  4:26  SCV  
  47  4:37  SCV  
  47  4:38  SCV x2  
  50  4:49  SCV  
  50  4:50  SCV  
  50  4:51  Widow Mine x2  
  50  4:52  SCV  
  57  4:56  Barracks  
  57  4:57  Barracks  
  57  5:01  SCV  
  57  5:04  Refinery  
  57  5:05  SCV x2  
  60  5:08  Starport  
  60  5:13  SCV  
  61  5:17  SCV  
  61  5:18  Widow Mine x2  
  66  5:23  Refinery  
  66  5:26  Missile Turret  
  66  5:28  Combat Shield  
  66  5:34  Orbital Command  
  64  5:39  Widow Mine x2  
  66  5:47  Barracks  
  66  6:00  Widow Mine  
  68  6:06  Barracks Reactor, Barracks Tech Lab, Marine  
  69  6:16  Supply Depot x2  
  69  6:17  Supply Depot  
  69  6:18  Supply Depot  
  69  6:19  Supply Depot  
  69  6:22  SCV x2  
  69  6:26  Terran Infantry Weapons Level 1  
  69  6:27  Armory  
  69  6:37  Marine  
  69  6:38  SCV x2, Barracks  
  70  6:41  Factory Tech Lab, Supply Depot  
  70  6:42  Marauder  
  70  6:43  Supply Depot  
  65  6:47  Concussive Shells  
  65  6:50  SCV  
  66  6:55  SCV x2  
  66  6:56  Marauder  
  66  7:00  Siege Tank  
  73  7:02  SCV, Marine x3  
  73  7:07  SCV  
  78  7:17  Engineering Bay, Marine  
  78  7:18  Terran Vehicle Weapons Level 1  
  78  7:19  SCV x3  
  78  7:20  Marine x2  
  78  7:21  Marauder  
  86  7:25  Ghost Academy  
  86  7:26  Command Center  
  86  7:31  SCV x2  
  86  7:32  Barracks, Siege Tank  
  86  7:35  Barracks, Marauder  
  93  7:42  Marauder  
  95  7:50  Marine x4  
  99  7:56  Marauder  
  101  8:04  Marauder, Missile Turret  
  103  8:06  Missile Turret  
  103  8:07  Starport Tech Lab  
  103  8:08  Marine x2  
  106  8:12  SCV  
  106  8:13  SCV x2  
  106  8:18  Refinery, Marauder  
  110  8:20  Refinery, Missile Turret, Siege Tank  
  110  8:23  Marine  
  110  8:25  Barracks Reactor, SCV x3, Marauder, Barracks Tech Lab  
  119  8:30  Terran Infantry Weapons Level 2  
  119  8:32  Terran Infantry Armor Level 1  
  119  8:37  SCV x3  
  119  8:38  Barracks Tech Lab  
  119  8:39  Marauder  
  124  8:43  Missile Turret  
  124  8:46  Marauder  
  126  8:52  Supply Depot, Enhanced Shockwaves, Siege Tank  
  126  8:53  Supply Depot  
  126  8:55  Supply Depot x2  
  129  9:01  Marauder  
  131  9:06  Planetary Fortress  
  131  9:08  Marauder  
  133  9:16  Factory  
  131  9:18  Supply Depot  
  131  9:19  Supply Depot  
  131  9:22  Marauder x3  
  131  9:23  Marine x3  
  131  9:24  Marine x3  
  141  9:25  Siege Tank  
  141  9:29  Marauder  
  148  9:43  Marauder  
  148  9:44  Marauder  
  152  9:58  Medivac  
  142  10:10  Marauder x3, Marine  
  142  10:11  Marauder, Marine x5  
  139  10:28  Marine, Medivac  
  137  10:29  Marine x3  
  137  10:30  Marine  
  137  10:31  Marauder, Marine  
  137  10:32  Marauder x3  
  137  10:34  Thor  
  156  10:46  Marine  
  156  10:47  Marine x3  
  156  10:48  Marine  
  156  10:49  Marine  
  160  10:52  Marauder  
  160  10:53  Marauder, Marine  
  139  11:02  Raven  
  139  11:08  Terran Vehicle Weapons Level 2  
  139  11:09  Terran Infantry Armor Level 2  
  139  11:10  Starport  
  139  11:11  Starport  
  139  11:14  Refinery, SCV x2  
  139  11:15  SCV x2  
  139  11:16  Refinery  
  139  11:17  Thor  
  149  11:26  SCV  
  149  11:27  SCV x3  
  149  11:28  Marauder x2  
  149  11:29  Marauder x2, Marine x2  
  149  11:30  Marine  
  149  11:31  Marine x3  
  167  11:35  Factory Tech Lab  
  167  11:38  SCV  
  167  11:39  SCV x3  
  171  11:46  Marine  
  171  11:47  Marine  
  172  11:48  Marine  
  172  11:49  Marauder, Marine x3  
  172  11:50  Marauder x3  
  185  12:04  Marine x2  
  185  12:06  Marine  
  188  12:22  Marine  
  188  12:24  Marine x2  
  188  12:27  Marauder  
  184  12:30  Thor  
  163  12:40  Thor  
  163  12:41  Marine x2  
  163  12:42  Marine x7  
  160  12:48  Marine  
  139  12:53  Starport Reactor  
  139  12:56  Smart Servos  
  136  12:59  Drilling Claws, Marine x7  
  136  13:00  Marine x2  
  145  13:06  Marine  
  145  13:09  Viking  
  148  13:13  Thor  
  148  13:17  Marine x8  
  148  13:18  Starport Reactor, Marine  
  163  13:23  Thor  
  163  13:24  Marauder  
  171  13:34  Marine  
  171  13:35  Marine x2  
  171  13:37  Viking x2  
  171  13:39  Viking  
  180  13:42  Marauder x2, Marine, Command Center  
  180  13:43  Marauder  
  180  13:45  Marauder  
  185  13:57  Factory  
  185  14:01  Factory  
  185  14:02  Supply Depot  
  185  14:04  Marauder  
  185  14:09  Supply Depot  
  187  14:10  Supply Depot  
  187  14:13  Supply Depot  
  187  14:23  Viking x2  
  191  14:25  Supply Depot  
  188  14:33  Supply Depot  
  188  14:38  Supply Depot  
  188  14:47  Supply Depot  
  200  14:57  Factory Reactor x2  
Show
View Real Time Build Order
Export as new Build Order

qqq Zerg - Winner!

Build Orders: Hatch First 

Get SALT Encoding   

  12  0:04  Drone  
  13  0:12  Drone  
  14  0:18  Overlord  
  14  0:47  Hatchery  
  13  0:50  Drone  
  13  0:55  Drone  
  15  1:03  Drone x2  
  17  1:25  Extractor  
  17  1:26  Drone, Spawning Pool  
  16  1:32  Drone  
  17  1:40  Drone  
  18  1:47  Drone  
  19  1:55  Drone  
  20  2:11  Drone  
  20  2:14  Drone x2  
  23  2:19  Queen  
  27  2:26  Lair  
  27  2:27  Drone  
  26  2:30  Drone  
  26  2:31  Drone  
  26  2:34  Extractor  
  27  2:40  Drone  
  28  2:57  Overlord  
  28  3:03  Overlord  
  27  3:15  Drone  
  27  3:17  Drone x3  
  31  3:28  Hatchery, Overseer, Infestation Pit  
  31  3:29  Drone  
  31  3:32  Pneumatized Carapace  
  30  3:35  Drone  
  30  3:39  Evolution Chamber  
  30  3:43  Evolution Chamber  
  30  3:45  Drone  
  30  3:48  Drone  
  31  3:51  Drone  
  32  4:08  Drone  
  32  4:09  Spire  
  32  4:11  Drone x3  
  32  4:16  Drone  
  36  4:18  Extractor  
  36  4:19  Extractor  
  34  4:30  Hive  
  35  4:33  Drone  
  36  4:38  Drone  
  37  4:46  Zerg Melee Weapons Level 1  
  37  4:48  Zerg Ground Armor Level 1  
  37  4:50  Drone x2  
  39  4:54  Drone  
  40  5:08  Drone x2  
  40  5:13  Overlord x3  
  42  5:22  Overseer  
  42  5:27  Overseer  
  42  5:28  Hatchery  
  41  5:29  Drone  
  41  5:33  Drone x6  
  48  5:44  Drone, Ultralisk Cavern  
  48  5:45  Drone  
  48  5:46  Drone  
  50  5:53  Drone x3  
  50  5:55  Drone  
  54  5:58  Metabolic Boost  
  54  6:04  Zergling x4  
  56  6:06  Drone  
  56  6:09  Overlord  
  57  6:13  Drone  
  57  6:16  Zergling x2  
  57  6:17  Zergling x4  
  61  6:28  Spine Crawler  
  61  6:31  Drone, Spine Crawler x2  
  59  6:43  Ultralisk x2  
  59  6:45  Anabolic Synthesis  
  71  6:48  Drone x2  
  71  6:53  Drone x2  
  75  6:58  Zerg Ground Armor Level 2  
  75  7:05  Drone, Spore Crawler  
  75  7:06  Drone  
  75  7:07  Extractor  
  75  7:08  Drone, Extractor  
  76  7:10  Overlord x2  
  76  7:14  Zerg Melee Weapons Level 2  
  75  7:17  Drone x2, Adrenal Glands  
  77  7:28  Extractor, Chitinous Plating  
  77  7:29  Extractor  
  75  7:30  Drone x2  
  75  7:36  Hatchery  
  76  7:42  Ultralisk  
  82  7:47  Drone  
  82  7:48  Drone x2  
  85  7:54  Drone  
  86  8:02  Drone, Spire  
  86  8:03  Drone  
  87  8:11  Spore Crawler  
  86  8:13  Spore Crawler  
  86  8:16  Spore Crawler  
  86  8:17  Drone x2, Spore Crawler x2  
  86  8:18  Drone, Spore Crawler  
  84  8:20  Overlord x5  
  84  8:29  Drone x2  
  84  8:31  Hydralisk Den  
  85  8:38  Ultralisk  
  91  8:42  Ultralisk  
  97  8:50  Ultralisk  
  97  8:51  Drone  
  97  8:52  Drone  
  97  8:54  Drone  
  97  8:55  Drone  
  107  8:56  Drone  
  108  9:05  Ultralisk  
  108  9:07  Overlord  
  108  9:09  Drone x2  
  116  9:10  Drone  
  116  9:11  Drone  
  118  9:17  Hydralisk x3  
  118  9:21  Zerg Missile Weapons Level 1  
  124  9:24  Drone  
  124  9:25  Drone x2  
  124  9:29  Spore Crawler  
  115  9:34  Drone  
  115  9:35  Drone x4, Spore Crawler  
  116  9:44  Ultralisk  
  117  9:56  Ultralisk  
  117  9:57  Zergling x8  
  117  9:58  Drone x3  
  124  10:12  Ultralisk  
  124  10:13  Hydralisk x3  
  124  10:15  Drone x3  
  127  10:27  Drone x6  
  127  10:28  Drone x2  
  119  10:38  Zerg Ground Armor Level 3  
  116  10:51  Drone  
  116  10:52  Drone x5  
  116  10:54  Ultralisk  
  126  11:14  Drone x4  
  126  11:15  Drone x2  
  132  11:24  Overlord x6  
  130  11:26  Overlord x3  
  122  11:33  Drone x3  
  110  11:57  Hydralisk x2, Ultralisk x2  
  110  11:58  Drone x3  
  110  11:59  Drone x3  
  110  12:00  Zerg Melee Weapons Level 3  
  120  12:06  Zerg Flyer Armor Level 1, Corruptor x2  
  120  12:07  Corruptor  
  126  12:08  Drone x2  
  126  12:15  Ultralisk  
  128  12:16  Drone x3  
  131  12:22  Extractor  
  131  12:23  Extractor  
  131  12:27  Queen  
  131  12:32  Ultralisk  
  131  12:33  Zergling x4  
  131  12:34  Zergling x6  
  131  12:35  Hatchery  
  131  12:36  Hatchery  
  140  12:45  Corruptor x4  
  140  12:47  Drone x3  
  140  12:48  Zergling x2  
  140  12:49  Zergling x4  
  154  12:56  Spore Crawler  
  154  12:57  Spine Crawler, Spire  
  151  13:11  Ultralisk  
  163  13:13  Ultralisk  
  163  13:17  Spore Crawler  
  162  13:21  Spine Crawler  
  162  13:23  Corruptor x2  
  165  13:31  Viper  
  165  13:33  Zergling x2  
  165  13:34  Zergling x14  
  172  13:35  Zergling x8  
  180  13:47  Corruptor x3  
  180  13:48  Corruptor  
  186  13:49  Corruptor  
  186  13:54  Drone  
  186  13:55  Drone  
  192  13:58  Viper  
  192  14:00  Corruptor  
  192  14:01  Zergling x6  
  198  14:12  Corruptor  
  198  14:13  Drone  
  198  14:15  Extractor  
  198  14:16  Extractor  
  165  14:26  Zergling x2, Ultralisk x2  
  165  14:27  Zergling x14  
  165  14:28  Drone, Zergling x2  
  165  14:29  Drone x2, Zergling x4  
  153  14:43  Ultralisk x2  
  153  14:44  Drone x3  
  168  14:46  Zergling x12  
  186  15:10  Spine Crawler  
Show
View Real Time Build Order
Export as new Build Order

Salmaj Protoss 

Build Orders: 1 Gate Expand, Carriers 

Get SALT Encoding   

  12  0:00  Probe  
  13  0:12  Probe  
  14  0:19  Pylon  
  14  0:24  Probe  
  15  0:37  Probe (Chrono Boost)  
  15  0:40  Gateway  
  16  0:49  Probe (Chrono Boost), Assimilator  
  17  0:56  Probe (Chrono Boost)  
  18  1:03  Probe  
  19  1:16  Probe  
  20  1:27  Cybernetics Core  
  20  1:28  Probe  
  21  1:42  Nexus  
  21  1:51  Pylon  
  21  1:54  Probe  
  21  1:56  Assimilator  
  22  2:06  Probe  
  23  2:09  Adept (Chrono Boost)  
  25  2:20  Robotics Facility  
  25  2:21  Probe  
  26  2:33  Probe  
  27  2:37  Sentry  
  27  2:41  Pylon  
  29  2:45  Probe  
  30  2:52  Warp Gate  
  30  2:54  Probe  
  30  2:57  Probe  
  32  3:01  Shield Battery  
  32  3:06  Probe (Chrono Boost)  
  32  3:08  Observer (Chrono Boost)  
  32  3:09  Probe (Chrono Boost)  
  35  3:18  Probe (Chrono Boost)  
  36  3:21  Probe (Chrono Boost)  
  36  3:23  Observer (Chrono Boost)  
  39  3:27  Probe (Chrono Boost)  
  39  3:28  Probe (Chrono Boost)  
  39  3:33  Probe  
  40  3:34  Gateway  
  40  3:35  Probe  
  42  3:45  Probe, Stargate  
  42  3:47  Probe  
  44  3:57  Probe  
  44  4:00  Probe  
  45  4:10  Probe  
  45  4:12  Probe  
  45  4:14  Assimilator  
  47  4:19  Assimilator  
  47  4:22  Probe  
  48  4:24  Probe  
  49  4:32  Phoenix (Chrono Boost)  
  49  4:34  Observer, Probe  
  49  4:37  Probe  
  53  4:39  Stargate  
  53  4:45  Gateway, Nexus  
  53  4:46  Probe  
  53  4:48  Pylon x2  
  53  4:52  Pylon  
  54  5:06  Probe  
  55  5:10  Probe  
  56  5:14  Phoenix (Chrono Boost)  
  56  5:18  Probe  
  56  5:20  Fleet Beacon  
  59  5:23  Probe  
  59  5:27  Phoenix (Chrono Boost)  
  62  5:29  Phoenix (Chrono Boost)  
  62  5:35  Phoenix  
  62  5:37  Forge  
  62  5:40  Protoss Air Weapons Level 1  
  62  5:41  Gateway  
  64  5:43  Gateway  
  64  5:52  Probe x2 (Chrono Boost)  
  66  5:57  Probe (Chrono Boost)  
  66  6:04  Probe x2 (Chrono Boost)  
  66  6:07  Probe (Chrono Boost)  
  66  6:09  Probe (Chrono Boost)  
  66  6:10  Probe (Chrono Boost)  
  69  6:12  Probe (Chrono Boost)  
  69  6:16  Pylon  
  70  6:18  Pylon  
  70  6:25  Photon Cannon  
  70  6:27  Phoenix (Chrono Boost)  
  70  6:28  Phoenix (Chrono Boost)  
  70  6:29  Pylon  
  70  6:30  Observer  
  70  6:31  Probe  
  76  6:35  Pylon  
  76  6:37  Robotics Bay  
  76  6:38  Anion Pulse-Crystals  
  76  6:39  Pylon  
  76  6:41  Probe x2  
  76  6:43  Probe  
  79  6:47  Phoenix (Chrono Boost)  
  79  6:48  Phoenix (Chrono Boost)  
  79  6:53  Probe  
  83  7:07  Observer  
  84  7:08  Observer  
  84  7:10  Phoenix x2 (Chrono Boost)  
  84  7:13  Probe x2  
  90  7:17  Photon Cannon  
  90  7:21  Photon Cannon x2  
  90  7:25  Probe x2, Photon Cannon  
  92  7:32  Phoenix (Chrono Boost)  
  92  7:35  Probe  
  97  7:37  Probe  
  97  7:40  Phoenix (Chrono Boost), Assimilator  
  97  7:41  Pylon  
  97  7:42  Assimilator  
  97  7:44  Observer, Photon Cannon  
  98  7:59  Nexus  
  98  8:14  Phoenix x2 (Chrono Boost)  
  98  8:16  Gravitic Boosters  
  102  8:27  Probe x2  
  102  8:28  Probe  
  105  8:35  Protoss Shields Level 1  
  105  8:36  Phoenix x2 (Chrono Boost)  
  105  8:39  Probe x2  
  105  8:40  Stargate  
  111  8:45  Probe  
  112  8:51  Probe  
  112  8:52  Probe  
  114  8:56  Observer  
  114  8:57  Probe  
  114  8:59  Pylon  
  114  9:02  Pylon  
  115  9:04  Probe x2  
  115  9:06  Pylon  
  115  9:09  Probe  
  118  9:10  Phoenix  
  118  9:11  Phoenix  
  122  9:36  Carrier x2 (Chrono Boost), Phoenix (Chrono Boost)  
  131  9:55  Robotics Facility  
  131  9:56  Robotics Facility  
  119  10:42  Carrier x2  
  119  10:44  Protoss Ground Armor Level 1  
  119  10:45  Immortal  
  134  10:50  Carrier  
  134  10:54  Robotics Facility  
  121  11:11  Photon Cannon  
  121  11:14  Photon Cannon  
  121  11:17  Photon Cannon  
  121  11:18  Photon Cannon  
  121  11:22  Photon Cannon  
  121  11:24  Immortal  
  125  11:25  Photon Cannon  
  125  11:27  Photon Cannon  
  125  11:30  Photon Cannon  
  125  11:31  Photon Cannon  
  125  11:35  Photon Cannon  
  125  11:36  Assimilator  
  125  11:39  Carrier  
  125  11:41  Assimilator  
  131  11:49  Photon Cannon  
  131  11:50  Photon Cannon, Protoss Air Weapons Level 2 (Chrono Boost)  
  131  11:55  Photon Cannon  
  131  11:57  Photon Cannon  
  131  11:59  Photon Cannon  
  139  12:08  Immortal  
  139  12:18  Carrier  
  112  12:40  Probe  
  112  12:41  Probe x2  
  111  12:47  Immortal (Chrono Boost)  
  115  12:53  Probe x3  
  115  12:54  Assimilator  
  118  12:59  Carrier x2 (Chrono Boost)  
  118  13:05  Probe  
  132  13:14  Observer (Chrono Boost)  
  132  13:15  Photon Cannon  
  132  13:17  Photon Cannon  
  132  13:20  Photon Cannon, Carrier (Chrono Boost)  
  132  13:22  Photon Cannon  
  138  13:28  Pylon  
  138  13:30  Pylon  
  138  13:32  Pylon  
  138  13:34  Pylon  
  138  13:46  Immortal  
  139  13:49  Nexus  
  139  13:54  Carrier (Chrono Boost)  
  145  14:04  Warp Prism  
  102  14:54  Gateway  
  102  15:00  Gateway, Zealot x3  
  102  15:03  Gateway  
  108  15:11  Gateway  
Show
View Real Time Build Order
Export as new Build Order

Kafyir Protoss 

Build Orders: 1 Gate Expand, Blink Stalkers, Zealot Archon 

Get SALT Encoding   

  12  0:01  Probe  
  13  0:13  Probe  
  14  0:19  Pylon  
  14  0:25  Probe (Chrono Boost)  
  15  0:37  Probe (Chrono Boost)  
  15  0:41  Gateway  
  16  0:47  Probe (Chrono Boost)  
  16  0:49  Assimilator  
  17  0:56  Probe  
  18  1:11  Probe  
  19  1:27  Nexus  
  19  1:44  Cybernetics Core  
  19  1:45  Probe  
  20  1:48  Assimilator  
  20  1:57  Probe  
  20  1:58  Pylon  
  21  2:12  Probe (Chrono Boost)  
  23  2:24  Probe (Chrono Boost)  
  23  2:25  Warp Gate  
  23  2:29  Probe (Chrono Boost), Stalker  
  25  2:33  Twilight Council  
  26  2:46  Gateway  
  26  2:50  Probe (Chrono Boost)  
  28  3:00  Probe (Chrono Boost)  
  28  3:01  Probe (Chrono Boost)  
  29  3:08  Blink (Chrono Boost)  
  29  3:13  Probe (Chrono Boost)  
  31  3:21  Stalker  
  31  3:22  Probe x2 (Chrono Boost)  
  34  3:27  Pylon  
  34  3:29  Probe  
  34  3:31  Probe  
  36  3:44  Gateway  
  37  3:49  Forge  
  37  3:50  Probe (Chrono Boost)  
  37  3:52  Probe (Chrono Boost)  
  37  3:55  Assimilator  
  38  4:00  Probe (Chrono Boost)  
  39  4:05  Probe (Chrono Boost)  
  39  4:06  Assimilator  
  39  4:09  Probe  
  41  4:16  Stalker  
  43  4:17  Stalker  
  43  4:21  Protoss Ground Weapons Level 1 (Chrono Boost)  
  43  4:24  Probe  
  46  4:29  Pylon  
  46  4:33  Probe  
  46  4:36  Templar Archives  
  47  4:45  Probe  
  48  4:48  Pylon  
  48  4:54  Stalker x2  
  48  4:57  Probe  
  53  5:01  Probe, Psionic Storm  
  53  5:02  Charge  
  54  5:09  Probe  
  56  5:14  Probe  
  56  5:23  High Templar  
  56  5:27  Nexus  
  58  5:47  High Templar  
  58  5:49  Zealot  
  62  5:53  Gateway  
  62  5:58  Gateway  
  62  6:00  Gateway  
  62  6:01  Pylon  
  62  6:04  Pylon  
  62  6:05  Pylon  
  62  6:07  Assimilator  
  62  6:08  Probe  
  62  6:10  Robotics Facility  
  63  6:49  Probe (Chrono Boost)  
  63  6:52  Photon Cannon  
  65  6:55  High Templar x2  
  65  6:56  Shield Battery  
  65  6:57  Probe (Chrono Boost)  
  65  6:58  Probe (Chrono Boost)  
  65  6:59  Gateway x2  
  70  7:04  Observer  
  71  7:10  Probe (Chrono Boost)  
  71  7:11  Robotics Bay  
  71  7:14  Probe (Chrono Boost)  
  71  7:15  Probe (Chrono Boost)  
  74  7:20  Probe (Chrono Boost)  
  74  7:21  Assimilator  
  74  7:22  High Templar  
  78  7:23  Probe (Chrono Boost)  
  78  7:24  Nexus  
  78  7:25  Probe (Chrono Boost)  
  79  7:30  High Templar  
  79  7:31  Zealot  
  79  7:34  Archon  
  79  7:36  Probe (Chrono Boost)  
  85  7:46  Protoss Ground Weapons Level 2 (Chrono Boost)  
  85  7:48  Probe (Chrono Boost)  
  85  7:49  Probe (Chrono Boost)  
  85  7:51  Photon Cannon  
  86  7:53  Gateway  
  86  7:54  Probe (Chrono Boost)  
  87  7:59  Gateway  
  87  8:02  High Templar x2  
  87  8:03  Forge  
  87  8:05  Zealot x3  
  93  8:07  Archon  
  97  8:19  Probe x3  
  100  8:22  Colossus  
  106  8:30  Pylon  
  106  8:31  Probe  
  106  8:33  Probe, Pylon  
  106  8:34  Probe  
  109  8:36  Protoss Ground Armor Level 1 (Chrono Boost)  
  109  8:38  Pylon  
  109  8:40  Probe  
  110  8:41  Assimilator  
  110  8:43  Probe  
  110  8:45  Assimilator  
  110  8:46  Probe x2  
  113  8:51  Zealot x2  
  113  8:52  Zealot x4  
  126  8:58  Probe (Chrono Boost)  
  126  9:00  Probe (Chrono Boost)  
  126  9:01  Robotics Facility  
  127  9:04  High Templar  
  127  9:09  Probe (Chrono Boost)  
  130  9:10  Photon Cannon  
  130  9:12  Photon Cannon  
  130  9:14  Probe (Chrono Boost), Shield Battery  
  130  9:16  Probe x2  
  139  9:19  Photon Cannon  
  139  9:21  Colossus (Chrono Boost), Dark Shrine  
  139  9:26  High Templar  
  139  9:27  High Templar x2  
  139  9:29  Zealot  
  147  9:32  Archon x2  
  147  9:41  Pylon  
  147  9:42  Pylon  
  147  9:44  Pylon  
  147  9:46  Pylon  
  147  9:49  Immortal (Chrono Boost)  
  147  9:59  Zealot x3  
  149  10:00  Zealot  
  117  10:11  Immortal (Chrono Boost)  
  101  10:18  Zealot  
  101  10:19  Zealot x2  
  80  10:36  Dark Templar x2  
  80  10:37  Dark Templar  
  80  10:39  Dark Templar x2  
  79  10:49  Immortal (Chrono Boost)  
  73  10:57  Probe  
  74  11:16  Robotics Facility  
  74  11:22  Immortal (Chrono Boost)  
  78  11:26  Robotics Facility  
  78  11:27  High Templar x2  
  78  11:29  Zealot x2  
  78  11:30  Zealot  
  81  11:57  Probe, Immortal  
  86  12:04  Probe  
  86  12:05  Pylon  
  87  12:11  High Templar x2  
  87  12:12  High Templar  
  87  12:13  Zealot x2  
  95  12:19  Probe  
  95  12:21  Probe  
  97  12:27  Pylon  
  97  12:30  Nexus  
  101  12:42  Immortal (Chrono Boost)  
  97  12:59  Stalker x3  
  97  13:00  Stalker x2  
  97  13:04  Immortal (Chrono Boost)  
  111  13:08  Pylon  
  111  13:09  Probe x2  
  113  13:16  Colossus (Chrono Boost)  
  113  13:17  Immortal (Chrono Boost)  
  123  13:22  Probe, Protoss Shields Level 1 (Chrono Boost), Nexus  
  123  13:25  Pylon  
  124  13:36  Probe (Chrono Boost), Shield Battery  
  124  13:39  Shield Battery, Stalker  
  124  13:40  Stalker x4  
  135  13:44  Probe (Chrono Boost)  
  138  13:49  Probe x2 (Chrono Boost)  
  138  13:53  Probe (Chrono Boost)  
  139  13:59  Photon Cannon  
  139  14:00  Probe  
  139  14:01  Assimilator  
  140  14:06  Assimilator  
  140  14:07  Observer  
  105  14:39  High Templar x3  
  105  14:41  High Templar  
  111  14:46  Zealot  
  113  14:55  Probe x3  
Tags
 
Add a new tag
Caveats
  • Supply blocks, unpowered buildings, or Contaminate may cause inaccurate times.
  • Supply counts are checked every 10 seconds.